 Dungeon Crawl Stone Soup version 0.24.0-13-gcf9b319 (webtiles) character file.

Game seed: 8130459647354083605, levelgen mode: deterministic

2477 Fang the Covered (level 9, -3/85 HPs)
             Began as a Gargoyle Fighter on Dec 17, 2019.
             Was a Follower of Trog.
             Slain by a two-headed ogre
             ... wielding a +0 giant spiked club
              (12 damage)
             ... on level 8 of the Dungeon.
             The game lasted 00:09:48 (6491 turns).

Fang the Covered (Gargoyle Fighter)                 Turns: 6491, Time: 00:09:49

Health: -3/85      AC: 17    Str: 27    XL:     9   Next: 51%
Magic:  9/9        EV:  8    Int: 10    God:    Trog [*.....]
Gold:   432        SH: 12    Dex:  9    Spells: 8/8 levels left

rFire    . . .     SeeInvis +   a - +1 war axe
rCold    . . .     Gourm    .   B - +1 shield
rNeg     + . .     Faith    .   b - +0 scale mail
rPois    ∞         Spirit   .   (no helmet)
rElec    +         Reflect  .   (no cloak)
rCorr    .         Harm     .   (no gloves)
MR       .....                  (no boots)
Stlth    ..........             r - amulet of the acrobat
HPRegen  0.24/turn              v - +3 ring of protection (curse)
MPRegen  0.11/turn              n - ring of see invisible

@: berserking (expiring), very quick
A: negative energy resistance 1, electricity resistance, unbreathing,
petrification resistance, rot immunity, AC +6
a: Berserk, Renounce Religion


You were on level 8 of the Dungeon.
You worshipped Trog.
Trog was aware of your devotion.
You were hungry.

You visited 2 branches of the dungeon, and saw 9 of its levels.

You collected 432 gold pieces.

Inventory:

Hand Weapons
 a - a +1 war axe (weapon)
Armour
 b - a +0 scale mail (worn)
 B - a +1 shield (worn)
Jewellery
 f - an uncursed amulet of faith {unknown}
 n - a ring of see invisible (right hand)
 r - an amulet of the acrobat (around neck)
 v - a cursed +3 ring of protection (left hand)
 w - an uncursed ring of protection from fire
 x - a +1 ring of evasion
Wands
 e - a wand of acid (7)
 k - a wand of iceblast (17)
 o - a wand of digging (4)
 s - a wand of flame (38)
Scrolls
 j - a scroll of blinking
 m - 7 scrolls of teleportation
 t - a scroll of fog
Potions
 g - 3 potions of mutation
 h - 3 potions of flight {unknown}
 i - a potion of resistance {unknown}
 l - 8 potions of curing
 p - a potion of magic {unknown}
 q - 2 potions of agility {unknown}
 u - 2 potions of invisibility
Comestibles
 c - 14 rations
 d - 3 chunks of flesh


   Skills:
 + Level 7.6 Fighting
 + Level 6.0 Axes
 + Level 7.6 Armour
 + Level 7.6 Shields


You had 8 spell levels left.
You didn't know any spells.
Your spell library was empty.

Dungeon Overview and Level Annotations

Branches:
Dungeon (8/15)             Temple (1/1) D:5
   Lair: D:8-11

Altars:
Cheibriados
Elyvilon
Fedhas
Gozag
Hepliaklqana
Kikubaaqudgha
Makhleb
Nemelex Xobeh
Okawaru
Qazlal
Sif Muna
Trog
Uskayaw
Vehumet
Wu Jian
Xom
Yredelemnul
Zin
The Shining One

Shops:
D:7 :

Annotations:
D:3 2 transporters, zing12's ghost, amateur TrEE


Innate Abilities, Weirdness & Mutations

You are resistant to torment.
Your stone body is resilient. (AC +6)
You are immune to poison.
You resist negative energy. (rN+)
You are resistant to electric shocks. (rElec)
You can survive without breathing.
You are immune to petrification.
You are immune to rotting.


Message History

You closely miss the orc warrior. You block the necrophage's attack.
The two-headed ogre hits you but does no damage.
The two-headed ogre barely misses you. The orc hits you but does no damage.
You block the orc warrior's attack.
You slash the two-headed ogre!
The two-headed ogre is severely wounded.
You slash the orc warrior!
You kill the orc warrior!
Trog accepts your kill.
You closely miss the orc. You slash the necrophage!
You destroy the necrophage!
Trog accepts your kill.
Your Axes skill increases to level 6!
You slash the two-headed ogre!
The two-headed ogre is almost dead.
You closely miss the orc.
The two-headed ogre hits you with a +0 giant spiked club!
* * * LOW HITPOINT WARNING * * *
The two-headed ogre hits you with a +0 giant club!
You die...

## ..
#####+#####.#
............#
##....))o...#
......O@....#
#...........#
...........#.#
..#+#+#'#.#.#.#
. .#.#.#.#. # #
#.#[# #.#. #.


You could see a two-headed ogre and an orc.

Vanquished Creatures
  Pikel (D:6)
  Grinder (D:4)
  A hornet (D:6)
  An orc warrior (D:8)
  An ice beast (D:7)
  A slave (D:6)
  A necrophage (D:8)
  A centaur (D:7)
  Blork the orc (D:6)
  2 bullfrogs
  2 scorpions
  A crimson imp (D:6)
  2 centaur skeletons
  A hound (D:5)
  A gnoll shaman (D:6)
  2 orc priests
  A bullfrog skeleton (D:7)
  2 iguanas
  Natasha (thrice) (D:2)
  3 orc wizards
  3 worker ants
  A worker ant zombie (D:7)
  13 gnolls
  22 adders
  A shadow imp (D:7)
  An adder skeleton (D:4)
  6 worms
  3 dart slugs
  8 leopard geckos
  21 orcs
  7 bats
  3 giant cockroaches
  12 hobgoblins
  5 jackals
  8 kobolds
  2 quokkas (D:4)
  4 ball pythons
  5 frilled lizards
  2 goblins
  A leopard gecko zombie (D:6)
  9 rats
166 creatures vanquished.

Vanquished Creatures (others)
  5 plants (D:3)
5 creatures vanquished.

Grand Total: 171 creatures vanquished

Notes
Turn   | Place    | Note
-------+----------+-------------------------------------------
     0 | D:1      | Fang the Gargoyle Fighter began the quest for the Orb.
     0 | D:1      | Reached XP level 1. HP: 14/14 MP: 1/1
    84 | D:1      | Reached XP level 2. HP: 16/19 MP: 2/2
   381 | D:1      | Reached XP level 3. HP: 23/23 MP: 3/3
   663 | D:2      | Noticed Natasha
   664 | D:2      | Reached XP level 4. HP: 19/29 MP: 4/4
   827 | D:2      | Killed Natasha
  1046 | D:2      | Noticed Natasha
  1062 | D:2      | Killed Natasha
  1062 | D:2      | Reached XP level 5. HP: 15/33 MP: 5/5
  1110 | D:2      | Noticed Natasha
  1126 | D:2      | Killed Natasha
  1818 | D:3      | Reached XP level 6. HP: 39/39 MP: 6/6
  2037 | D:3      | Found a transporter.
  2037 | D:3      | Found a transporter.
  2047 | D:3      | Noticed zing12's ghost (amateur TrEE)
  2455 | D:4      | Noticed Grinder
  2477 | D:4      | Paralysed by Grinder for 2 turns
  2485 | D:4      | Paralysed by Grinder for 5 turns
  2492 | D:4      | Killed Grinder
  2492 | D:4      | Reached skill level 5 in Fighting
  2492 | D:4      | Reached skill level 5 in Armour
  2492 | D:4      | Reached skill level 5 in Shields
  2492 | D:4      | Reached XP level 7. HP: 19/44 MP: 7/7
  2822 | D:4      | Found a transporter.
  2836 | D:4      | Found a transporter.
  3340 | D:4      | Found a basalt altar of Yredelemnul.
  3349 | D:4      | Found a glowing golden altar of the Shining One.
  3850 | D:5      | Entered Level 5 of the Dungeon
  4292 | D:5      | Found a staircase to the Ecumenical Temple.
  4308 | Temple   | Entered the Ecumenical Temple
  4508 | Temple   | Became a worshipper of Trog the Wrathful
  5028 | D:6      | Reached XP level 8. HP: 42/51 MP: 8/8
  5172 | D:6      | Noticed Pikel
  5195 | D:6      | Killed Pikel
  5195 | D:6      | Reached skill level 5 in Axes
  5384 | D:6      | Noticed a hornet
  5416 | D:6      | Killed a hornet
  5428 | D:6      | Reached XP level 9. HP: 16/56 MP: 9/9
  5467 | D:6      | Reached * piety under Trog
  5486 | D:6      | Noticed Blork the orc
  5653 | D:6      | Killed Blork the orc
  5960 | D:7      | Found a radiant altar of Vehumet.
  5990 | D:7      | Found an ancient bone altar of Kikubaaqudgha.
  6204 | D:7      | Found Mutynuv's Book Emporium.
  6477 | D:8      | Noticed a two-headed ogre
  6491 | D:8      | Slain by a two-headed ogre

Levels and vault maps discovered:
D:1:      nzn_arrival_water_spiral, layout_basic, minmay_misc_feat_tower,
          serial_bayou_pond_e, amethyst_killhole
D:2:      layout_rooms, first_ration, uniq_natasha
D:3:      layout_rooms, gammafunk_ghost_gnarly_gnolls, minmay_snake_closets
D:4:      gammafunk_steamed_eel, layout_cave_pods,
          grunt_temple_overflow_holy_war, uniq_grinder
D:5:      layout_loops_corners, minmay_temple_entry_water_ring
D:6:      layout_basic, st_stairs_6, uniq_pikel, uniq_blork_the_orc
D:7:      layout_loops_ring, kiku_gazebo_garden_becter, serial_shops, shop,
          basic_altar
D:8:      layout_basic
Temple:   regret_index_temple_generic_petals

Skill      XL: |  1  2  3  4  5  6  7  8  9 |
---------------+----------------------------+-----
Axes           | 2 3 4 5 6 |  6.0
Fighting       | 4 5 6 7 |  7.6
Armour         | 4 5 6 7 |  7.6
Shields        | 4 5 6 7 |  7.6

Action                   |  1- 3 |  4- 6 |  7- 9 || total
-------------------------+-------+-------+-------++-------
Melee: War axe           |    91 |   274 |   336 ||   701
Invok: Berserk           |       |       |     1 ||     1
  Use: Scroll            |       |     5 |     7 ||    12
       Potion            |       |       |     2 ||     2
  Eat: Chunk             |       |     6 |    14 ||    20
Armor: Scale mail        |    75 |   160 |   182 ||   417
Dodge: Dodged            |    50 |   105 |   154 ||   309
Block: Shield            |    67 |   177 |   219 ||   463
